Map: Néo-Gettysburg EC

Players

Worming - Winner!

  • Race: Zerg Zerg
  • League: Diamond

ChampTwoD

  • Race: Terran Terran
  • League: Diamond

VOD

Have the link to the VOD?

Description

Time

  • Played on: Oct. 1, 2016, 10:30 a.m.
  • Length: 14:21
Show
View Real Time Build Order
Export as new Build Order

Worming Zerg - Winner!

Build Orders: Hatch First 

Get SALT Encoding   

  12  0:01  Drone  
  13  0:13  Overlord  
  13  0:18  Drone  
  14  0:31  Drone x2  
  16  0:44  Drone  
  17  0:52  Hatchery  
  16  0:57  Drone  
  16  0:59  Drone  
  16  1:02  Extractor  
  17  1:16  Spawning Pool  
  16  1:19  Drone  
  17  1:43  Drone  
  17  1:44  Drone  
  17  1:45  Drone  
  20  2:03  Queen, Metabolic Boost  
  20  2:04  Queen  
  20  2:07  Zergling x2  
  25  2:11  Zergling x2  
  25  2:15  Overlord  
  26  2:24  Drone x2  
  27  2:39  Queen  
  29  2:45  Overlord  
  29  2:47  Drone x4  
  29  2:51  Zergling x2  
  34  2:58  Overlord  
  34  3:09  Zergling x2  
  35  3:14  Zergling x2  
  35  3:15  Zergling x8  
  35  3:16  Drone  
  35  3:17  Drone  
  42  3:32  Drone x2  
  42  3:33  Hatchery  
  42  3:52  Drone x2, Roach Warren  
  42  3:53  Drone x2  
  42  3:54  Zergling x6  
  45  4:12  Extractor  
  45  4:13  Evolution Chamber  
  45  4:15  Drone x2  
  45  4:16  Drone x3  
  48  4:23  Drone  
  49  4:39  Drone x3  
  49  4:40  Overlord x2  
  49  4:42  Zerg Missile Weapons Level 1  
  49  4:44  Lair  
  52  4:50  Drone x2  
  53  5:05  Spore Crawler x2  
  48  5:08  Spore Crawler  
  48  5:12  Queen  
  46  5:20  Spore Crawler  
  44  5:28  Drone x6  
  49  5:29  Drone x10  
  59  5:40  Drone  
  60  5:52  Drone x2, Glial Reconstitution  
  60  5:56  Extractor  
  61  5:57  Extractor  
  60  6:04  Drone x7  
  60  6:06  Drone, Extractor  
  60  6:07  Drone x2  
  60  6:09  Drone  
  60  6:10  Drone x2  
  72  6:13  Overlord  
  72  6:14  Overlord x2  
  72  6:19  Overseer  
  72  6:21  Pneumatized Carapace  
  72  6:22  Overlord  
  72  6:31  Infestation Pit  
  72  6:32  Drone, Evolution Chamber  
  71  6:34  Drone  
  71  6:35  Drone  
  71  6:36  Drone x2  
  71  6:37  Drone  
  76  6:41  Drone x3  
  76  6:42  Drone x2, Extractor  
  76  6:43  Drone  
  81  6:49  Zerg Missile Weapons Level 2  
  81  6:56  Drone  
  81  6:57  Zerg Ground Armor Level 1, Spire  
  75  7:15  Roach x10  
  95  7:26  Hive  
  97  7:37  Roach x5  
  97  7:38  Hatchery  
  97  7:39  Overlord x2  
  104  7:53  Overlord  
  104  7:55  Zergling x2  
  104  7:58  Zergling x2  
  106  7:59  Roach  
  106  8:00  Roach x6  
  120  8:09  Zerg Flyer Weapons Level 1, Corruptor  
  122  8:27  Corruptor x4  
  127  8:52  Zerg Ground Armor Level 2  
  127  8:58  Ravager x6  
  127  8:59  Ravager  
  127  9:00  Zergling x4  
  127  9:02  Overlord x4  
  122  9:45  Drone x17  
  139  9:58  Zergling x18  
  147  10:00  Spine Crawler, Extractor  
  135  10:15  Drone x3  
  135  10:16  Drone x4  
  139  10:21  Drone  
  139  10:22  Drone x2  
  139  10:24  Greater Spire, Zerg Missile Weapons Level 3  
  139  10:26  Pathogen Glands  
  142  10:32  Drone x3  
  142  10:33  Extractor  
  144  10:41  Overlord  
  144  10:50  Spine Crawler  
  144  10:53  Corruptor  
  144  10:54  Corruptor x5, Spine Crawler  
  144  10:56  Overlord x2  
  144  10:57  Overlord x7  
  150  10:59  Overseer  
  139  11:12  Roach x6  
  139  11:13  Roach  
  133  11:34  Roach x8  
  149  11:41  Brood Lord x5  
  149  11:42  Zergling x2  
  149  11:43  Zergling x4  
  149  11:47  Zerg Flyer Weapons Level 2  
  162  11:50  Zergling x2  
  162  11:51  Zergling x4  
  134  12:11  Roach  
  134  12:12  Roach x12  
  142  12:28  Roach x8  
  158  12:41  Corruptor x4  
  158  12:42  Roach x2  
  170  12:45  Hatchery  
  170  12:48  Hatchery  
  134  12:58  Roach  
  134  12:59  Roach x2  
  134  13:00  Roach x3  
  134  13:04  Roach x6  
  146  13:13  Roach x7  
  142  13:27  Roach x3  
  142  13:28  Roach x2  
  142  13:39  Brood Lord  
  142  13:40  Brood Lord x3  
  142  13:41  Roach x7  
  148  13:48  Roach x3  
  148  13:49  Roach  
Show
View Real Time Build Order
Export as new Build Order

ChampTwoD Terran 

Build Orders: Banshee Rush 

Get SALT Encoding   

  12  0:00  SCV  
  13  0:13  SCV  
  14  0:19  Supply Depot  
  14  0:25  SCV  
  15  0:29  Refinery  
  15  0:41  SCV  
  16  0:45  Barracks  
  16  0:53  SCV  
  17  1:05  SCV  
  18  1:17  SCV  
  19  1:32  Orbital Command  
  19  1:33  Reaper  
  19  1:36  Supply Depot  
  20  1:48  Factory  
  20  1:57  SCV  
  21  2:05  Barracks Reactor  
  21  2:10  SCV  
  21  2:15  Command Center  
  22  2:22  SCV  
  23  2:25  Refinery  
  23  2:34  SCV  
  24  2:47  SCV  
  24  2:49  Hellion x2  
  24  2:50  Barracks Tech Lab  
  29  2:53  Starport  
  29  2:59  SCV  
  30  3:11  Hellion x2  
  34  3:15  SCV  
  36  3:27  SCV  
  36  3:42  Marine x2  
  36  3:43  Cloaking Field, Banshee  
  36  3:45  Orbital Command  
  36  3:46  Factory Tech Lab  
  40  3:53  SCV  
  41  4:05  SCV  
  41  4:09  Siege Tank, Marine x2  
  44  4:11  SCV  
  46  4:17  SCV  
  46  4:23  SCV  
  48  4:25  Supply Depot  
  48  4:29  SCV  
  49  4:35  Marine  
  49  4:36  Marine  
  49  4:37  Raven  
  49  4:38  SCV  
  52  4:41  Refinery, SCV  
  52  4:43  Barracks  
  53  4:53  Supply Depot, Marine x2  
  53  4:54  SCV x2  
  57  5:06  SCV  
  58  5:07  Siege Tank  
  58  5:11  Marine  
  62  5:14  Marine  
  62  5:15  SCV  
  62  5:18  SCV  
  65  5:34  Engineering Bay, Command Center  
  65  5:35  Engineering Bay  
  65  5:39  SCV  
  65  5:40  SCV  
  67  5:44  Siege Tank  
  67  5:45  Refinery, Barracks Tech Lab  
  67  5:47  Starport Reactor  
  70  5:52  Marine x2  
  70  5:56  Supply Depot, SCV x2  
  74  5:57  Supply Depot  
  74  6:04  Stimpack  
  74  6:05  Marine  
  74  6:10  SCV, Marine  
  74  6:11  SCV  
  78  6:16  Terran Infantry Weapons Level 1  
  78  6:17  Terran Infantry Armor Level 1  
  78  6:22  SCV  
  78  6:23  SCV  
  80  6:25  Supply Depot  
  80  6:27  Supply Depot  
  80  6:28  Marine  
  80  6:29  Marine  
  82  6:32  Medivac  
  82  6:34  SCV  
  82  6:38  Medivac  
  87  6:40  SCV  
  87  6:42  Marine  
  89  6:48  SCV  
  89  6:52  SCV  
  91  6:58  Marine x2  
  91  7:00  SCV, Marine  
  95  7:02  Medivac  
  95  7:05  Barracks  
  95  7:08  Medivac  
  97  7:15  Armory  
  99  7:16  Marine x2  
  99  7:18  Marine  
  102  7:23  Orbital Command  
  102  7:24  SCV x2  
  104  7:32  Medivac  
  104  7:33  Marine  
  104  7:34  Marine  
  104  7:35  Marine  
  104  7:36  Barracks  
  109  7:37  Barracks  
  109  7:38  Medivac  
  111  7:48  SCV x2  
  113  7:51  Marine  
  113  7:53  SCV  
  113  7:54  Marine x2  
  113  7:55  Supply Depot, Marauder  
  113  7:56  Supply Depot  
  119  7:59  Supply Depot  
  119  8:00  SCV x2  
  121  8:05  SCV  
  121  8:09  Marine  
  121  8:12  SCV, Marine  
  125  8:16  SCV, Siege Tank, Marine x2  
  125  8:18  SCV  
  125  8:19  Supply Depot  
  132  8:21  Supply Depot  
  132  8:22  Terran Infantry Armor Level 2  
  132  8:24  SCV  
  132  8:27  Supply Depot, Marine  
  132  8:29  Marine  
  131  8:40  Barracks Reactor x2  
  131  8:41  Marine  
  131  8:42  Marauder  
  131  8:45  Marine  
  131  8:47  Marine  
  136  8:48  Siege Tank  
  139  8:58  Supply Depot  
  139  8:59  Refinery, Marine  
  139  9:00  Refinery, Supply Depot  
  140  9:02  Marine x2  
  140  9:03  Liberator  
  140  9:04  Liberator  
  140  9:05  Command Center, Marine  
  143  9:17  Marine x5  
  143  9:20  Siege Tank, Marine x2  
  143  9:23  Marine  
  153  9:35  Marine x2  
  142  9:42  Marine, SCV x2  
  142  9:43  Marauder, Marine  
  148  9:46  Liberator  
  148  9:48  Terran Vehicle Weapons Level 1  
  148  9:50  Marine x2  
  148  9:51  Marine  
  151  9:54  Marine  
  151  9:55  Marine  
  153  10:04  Medivac  
  153  10:05  Marine x2, Marauder  
  162  10:09  Marine x2  
  162  10:10  Siege Tank, Marauder  
  162  10:12  Marine x2  
  171  10:21  Orbital Command  
  171  10:23  SCV x3  
  171  10:26  Marauder  
  176  10:29  Liberator  
  176  10:34  Medivac  
  176  10:35  SCV  
  179  10:37  Supply Depot  
  179  10:39  Supply Depot  
  179  10:41  Supply Depot  
  179  10:46  Liberator  
  179  10:47  Barracks  
  179  10:49  Barracks  
  174  11:12  Liberator  
  164  11:29  Liberator  
  164  11:30  Marine x2  
  164  11:31  Marauder, Marine x4  
  164  11:32  Marauder  
  177  11:33  Siege Tank  
  177  11:35  SCV x2  
  177  11:37  Barracks Reactor  
  177  11:38  Barracks Reactor  
  182  11:41  Engineering Bay  
  185  11:48  Marine x3  
  185  11:49  Marine x3  
  185  11:52  Marauder  
  185  11:53  Marauder  
  186  12:05  Siege Tank  
  186  12:06  Marine x3  
  170  12:12  Medivac  
  170  12:14  Marauder x2  
  158  12:27  Marine x4  
  158  12:28  Marine x6  
  158  12:29  Medivac  
  162  12:30  SCV  
  162  12:31  SCV  
  162  12:35  Marine, Marauder  
  167  12:42  Viking  
  169  12:44  Marine  
  169  12:45  Marine x8  
  169  12:46  Marine  
  173  12:53  Marine  
  173  12:54  Command Center  
  173  12:56  Marine  
  168  12:59  Viking  
  168  13:02  Marine x2  
  168  13:03  Marine x8  
  173  13:11  Marine  
  173  13:12  Viking  
  176  13:14  Marine  
  173  13:20  Marine  
  165  13:29  Viking, Marine x4  
  165  13:30  Marauder, Marine x5  
  165  13:32  Marine  
  168  13:38  Marine  
  160  13:42  Viking  
  160  13:47  Marine x5  
  160  13:48  Marine x4  
  168  13:49  Marine  
  168  13:51  Marine  
  173  13:56  Marine  
Tags
 
Add a new tag
Caveats
  • Supply blocks, unpowered buildings, or Contaminate may cause inaccurate times.
  • Supply counts are checked every 10 seconds.